 Dungeon Crawl Stone Soup version 0.19.5 (webtiles) character file.

15640 LORDOFBUTT the Thaumaturge (level 12, -4/51 HPs)
             Began as a Spriggan Enchanter on Mar 21, 2017.
             Was an Initiate of Gozag.
             Killed from afar by a manticore (20 damage)
             ... with a volley of spikes
             ... on level 12 of the Dungeon.
             The game lasted 00:35:25 (14895 turns).

LORDOFBUTT the Thaumaturge (Spriggan Enchanter)    Turns: 14895, Time: 00:35:26

Health: -4/51      AC:  7    Str:  4    XL:     12   Next: 3%
Magic:  29/29      EV: 21    Int: 19    God:    Gozag
Gold:   1967       SH:  3    Dex: 23    Spells: 7 memorised, 12 levels left

rFire  . . .     SeeInvis +     E - +2 rapier (venom)
rCold  . . .     Gourm    .     H - +2 robe {rPois}
rNeg   . . .     Faith    .     (shield restricted)
rPois  +         Spirit   .     (helmet restricted)
rElec  .         Reflect  +     w - +2 cloak
rCorr  .         Harm     .     (gloves unavailable)
MR     ++...                    (boots unavailable)
Stlth  +++++++...               u - +3 amulet of reflection
                                x - ring of stealth
                                l - +4 ring of dexterity

@: barbed spikes, gold aura, very quick
A: unfitting armour, see invisible, herbivore 3, speed 3, slow metabolism 2
a: Potion Petition, Call Merchant, Bribe Branch, Renounce Religion


You were on level 12 of the Dungeon.
You worshipped Gozag.
Gozag was most pleased with you.
You were full.

You visited 2 branches of the dungeon, and saw 13 of its levels.
You also visited: Sewer.

You collected 2406 gold pieces.
You spent 145 gold pieces at shops.
You paid 294 gold pieces to Gozag.

Inventory:

Hand Weapons
 a - a +1 dagger
 y - a +1 dagger of electrocution
 E - a +2 rapier of venom (weapon)
Armour
 w - a +2 cloak (worn)
 H - a +2 robe of poison resistance (worn)
Jewellery
 l - a +4 ring of dexterity (left hand)
 u - a +3 amulet of reflection (around neck)
 x - a ring of stealth (right hand)
Wands
 n - a wand of random effects (23/48)
 r - a wand of digging (2/24)
 A - a wand of flame (34/48)
 B - a wand of disintegration (14/24)
Scrolls
 g - 6 scrolls of teleportation
 h - a scroll of magic mapping {unknown}
 i - 2 scrolls of enchant armour
 p - 5 scrolls of identify
 s - 5 scrolls of remove curse
 t - 2 scrolls of recharging
 C - a scroll of fear
 G - a scroll of enchant weapon {unknown}
Potions
 b - a potion of might {unknown}
 e - a potion of magic {unknown}
 f - 3 potions of agility
 j - a potion of mutation {unknown}
 k - a potion of flight
 m - 2 potions of curing
 q - 6 potions of lignification
 v - a potion of invisibility {unknown}
 z - 3 potions of heal wounds
 I - a potion of berserk rage {unknown}
Books
 c - a book of Maledictions

   Spells                             Type                      Level
   a - Corona                         Hexes                        1
   b - Ensorcelled Hibernation        Hexes/Ice                    2
   c - Confuse                        Hexes                        3
   d - Tukima's Dance                 Hexes                        3
   e - Dazzling Spray                 Conjuration/Hexes            3
 o - a book of Enchantments

   Spells                             Type                      Level
   a - Cause Fear                     Hexes                        4
   b - Yara's Violent Unravelling     Hexes/Transmutation          5
   c - Silence                        Hexes/Air                    5
   d - Deflect Missiles               Charms/Air                   6
   e - Discord                        Hexes                        8
 D - a book of Cantrips

   Spells                             Type                      Level
   a - Confusing Touch                Hexes                        1
   b - Animate Skeleton               Necromancy                   1
   c - Summon Small Mammal            Summoning                    1
   d - Apportation                    Translocation                1
Comestibles
 d - 8 bread rations
 F - 8 fruits


   Skills:
 - Level 10.5 Short Blades
 + Level 4.5 Dodging
 + Level 12.3 Stealth
 * Level 12.5 Spellcasting
 * Level 12.5 Hexes
 - Level 2.2 Ice Magic
 + Level 3.2 Evocations


You had 12 spell levels left.
You knew the following spells:

 Your Spells              Type           Power        Failure   Level  Hunger
a - Corona                Hex            ######.      1%          1    None
b - Ensorcelled Hibernat  Hex/Ice        #####.       1%          2    None
c - Confuse               Hex            ######..     1%          3    None
d - Tukima's Dance        Hex            ######..     1%          3    None
e - Dazzling Spray        Conj/Hex       #####.       1%          3    None
f - Cause Fear            Hex            ######....   1%          4    #......
g - Discord               Hex            ######....   99%         8    #######


Dungeon Overview and Level Annotations

Branches:
Dungeon (12/15)            Temple (1/1) D:6            Lair (0/6) D:8
    Orc (0/2) D:10

Altars:
Ashenzari
Cheibriados
Dithmenos
Elyvilon
Fedhas
Gozag
Hepliaklqana
Kikubaaqudgha
Makhleb
Nemelex Xobeh
Okawaru
Ru
Sif Muna
Trog
Uskayaw
Vehumet
Xom
Yredelemnul
Zin
The Shining One
Beogh

Shops:
D:10 *


Innate Abilities, Weirdness & Mutations

You are very small and have problems with some larger weapons.
You are too small for most types of armour.
You have supernaturally acute eyesight. (SInv)
You are a herbivore.
You cover ground extremely quickly.
You need consume almost no food.


Message History

You hit the manticore.
The manticore looks as sick as possible!
The manticore is heavily wounded.
The manticore barely misses you. The manticore claws you!
The manticore closely misses you.
You hit the manticore.
The manticore looks as sick as possible!
The manticore is heavily wounded.
You barely miss the manticore.
The manticore is severely wounded.
The manticore completely misses you. The manticore claws you.
* * * LOW HITPOINT WARNING * * *
The manticore completely misses you.
The manticore flicks its tail.
The volley of spikes misses you.
The manticore flicks its tail.
The volley of spikes hits you!
The barbed spikes become lodged in your body.
You die...
Your body crumbles into a pile of gold.

#. ##. ## #. .. ...
#.# .##... #..##.#..
####.#)... #.......#
#H..##### #....@..#
.
..##...#####$##....
#$...####...........
.......<).......#..#
###........##.###
#.......## .#
#.$....## $#
#......# .. #......#
..


You could see a manticore.

Vanquished Creatures
  The ghost of notsosimplebreeze the Cruncher, a journeyman MiFi of Okawaru (D:11)
  The ghost of meatyocre the Martial Artist, a novice DsWn of Ru (D:9)
  An unseen horror (D:10)
  6 hill giants
  A gargoyle (D:11)
  2 two-headed ogres
  Sigmund (D:6)
  18 yaks
  A vampire (D:10)
  A wyvern (D:11)
  A hungry ghost (D:10)
  Eustachio (D:6)
  The ghost of LORDOFBUTT the Chopper, an amateur FoFi (D:4)
  Menkaure (D:7)
  2 porcupines (D:8)
  2 black bears
  2 orc warriors
  2 sky beasts
  A necrophage (D:8)
  2 phantoms
  3 eyes of draining (D:7)
  6 ogres
  3 centaurs
  5 crocodiles (D:8)
  8 big kobolds
  2 bullfrogs
  Blork the orc (D:4)
  16 killer bees
  A scorpion (D:7)
  3 wights
  A howler monkey (D:4)
  A bullfrog zombie (D:7)
  2 centaur zombies
  4 crimson imps
  6 hounds
  4 jellies
  8 orc priests
  2 gnoll shamans
  2 bullfrog skeletons
  A centaur skeleton (D:9)
  Jessica (D:3)
  Terence (D:2)
  An iguana (D:7)
  17 orc wizards
  7 worker ants
  A hound skeleton (D:7)
  A mummy (D:6)
  2 howler monkey skeletons
  A worker ant zombie (D:6)
  7 gnolls
  16 adders
  4 river rats
  3 shadow imps
  2 oozes (Sewer)
  4 adder zombies
  2 adder skeletons
  7 worms
  6 leopard geckos
  57 orcs
  A giant cockroach (D:5)
  11 goblins
  10 hobgoblins
  8 jackals
  13 kobolds
  5 quokkas
  4 ball pythons
  3 bats
  4 frilled lizards
  A leopard gecko zombie (D:8)
  2 quokka skeletons
  A quokka zombie (D:8)
  11 rats
341 creatures vanquished.

Vanquished Creatures (collateral kills)
  An orc warrior (D:8)
  An ogre (D:7)
  3 wights
  Crazy Yiuf (D:6)
  2 orcs (D:6)
8 creatures vanquished.

Vanquished Creatures (others)
  3 dancing weapons
  2 bushes (D:8)
  5 plants (D:8)
10 creatures vanquished.

Grand Total: 359 creatures vanquished

Notes
Turn   | Place    | Note
-------+----------+-------------------------------------------
     0 | D:1      | LORDOFBUTT the Spriggan Enchanter began the quest for the Orb.
     0 | D:1      | Reached XP level 1. HP: 9/9 MP: 5/5
   349 | D:1      | Reached XP level 2. HP: 13/13 MP: 6/6
   389 | D:1      | Learned a level 2 spell: Ensorcelled Hibernation
   441 | D:1      | Found a shattered altar of Ashenzari.
  1330 | D:2      | Found a radiant altar of Vehumet.
  1433 | D:2      | Reached XP level 3. HP: 16/16 MP: 0/8
  1962 | D:2      | Noticed Terence
  1965 | D:2      | Killed Terence
  1965 | D:2      | Reached XP level 4. HP: 21/21 MP: 7/10
  2176 | D:3      | Noticed Jessica
  2183 | D:3      | Killed Jessica
  2290 | D:3      | Found a hide-covered altar of Uskayaw.
  2446 | D:3      | Reached XP level 5. HP: 24/24 MP: 1/11
  2648 | D:3      | Learned a level 3 spell: Confuse
  2652 | D:3      | Learned a level 3 spell: Tukima's Dance
  2704 | D:3      | Reached skill level 5 in Stealth
  2704 | D:3      | Reached skill level 1 in Ice Magic
  2977 | D:3      | Reached skill level 5 in Hexes
  3028 | D:3      | Learned a level 3 spell: Tukima's Dance
  3144 | D:4      | Noticed Blork the orc
  3164 | D:4      | Killed Blork the orc
  3164 | D:4      | Reached XP level 6. HP: 24/28 MP: 5/13
  3278 | D:4      | Found a glowing drain.
  3283 | Sewer    | Entered a sewer
  3447 | Sewer    | Reached skill level 5 in Spellcasting
  3580 | Sewer    | Reached XP level 7. HP: 23/32 MP: 8/15
  4290 | Sewer    | Reached skill level 5 in Short Blades
  5130 | D:4      | Noticed LORDOFBUTT's ghost (amateur FoFi)
  5604 | D:4      | Reached XP level 8. HP: 33/36 MP: 11/18
  5735 | D:4      | Killed LORDOFBUTT's ghost
  6045 | D:4      | Found a hazy altar of Hepliaklqana.
  6176 | D:5      | Entered Level 5 of the Dungeon
  6355 | D:5      | Found a shattered altar of Ashenzari.
  6355 | D:5      | Found a shadowy altar of Dithmenos.
  6356 | D:5      | Found a sacrificial altar of Ru.
  6517 | D:5      | You fall through a shaft for 2 floors!
  6534 | D:7      | Noticed Menkaure
  6539 | D:6      | Noticed Sigmund
  6542 | D:6      | Killed Sigmund
  6627 | D:6      | Found a staircase to the Ecumenical Temple.
  6649 | Temple   | Entered the Ecumenical Temple
  6775 | Temple   | Became a worshipper of Gozag Ym Sagoz the Greedy
  6824 | D:6      | Noticed Eustachio
  6827 | D:6      | Killed Eustachio
  6943 | D:6      | Found a runed door.
  6985 | D:6      | Noticed Crazy Yiuf
  6993 | D:6      | Killed Crazy Yiuf
  7161 | D:6      | Found a snail-covered altar of Cheibriados.
  7276 | D:6      | Found an iron altar of Okawaru.
  7366 | D:6      | Reached XP level 9. HP: 39/39 MP: 21/21
  7371 | D:6      | Learned a level 3 spell: Dazzling Spray
  7376 | D:6      | Learned a level 4 spell: Cause Fear
  7564 | D:7      | Killed Menkaure
  7738 | D:7      | Found an ancient bone altar of Kikubaaqudgha.
  7748 | D:7      | Found a bloodstained altar of Trog.
  8118 | D:7      | Found a glowing silver altar of Zin.
  8495 | D:8      | Found a staircase to the Lair.
  8915 | D:8      | Reached XP level 10. HP: 20/44 MP: 17/24
  9432 | D:8      | Reached skill level 10 in Hexes
 10128 | D:7      | Reached skill level 10 in Stealth
 10128 | D:7      | Reached skill level 10 in Spellcasting
 10944 | D:8      | Found a roughly hewn altar of Beogh.
 11500 | D:9      | Noticed meatyocre's ghost (novice DsWn)
 11525 | D:9      | Killed meatyocre's ghost
 12171 | D:10     | Entered Level 10 of the Dungeon
 12206 | D:10     | Reached XP level 11. HP: 39/47 MP: 22/26
 12221 | D:10     | Found Teos's Serpentskin Sales.
 12229 | D:10     | Bought a +1 robe of poison resistance for 145 gold pieces
 12678 | D:10     | Noticed an unseen horror
 12684 | D:10     | Killed an unseen horror
 12684 | D:10     | Reached skill level 10 in Short Blades
 12900 | D:10     | Noticed a hill giant
 12903 | D:10     | Killed a hill giant
 12942 | D:10     | Found a staircase to the Orcish Mines.
 13029 | D:10     | Learned a level 8 spell: Discord
 13167 | D:10     | Noticed a hill giant
 13175 | D:10     | Killed a hill giant
 13267 | D:10     | Noticed a hill giant
 13275 | D:10     | Killed a hill giant
 13533 | D:11     | Noticed a hill giant
 13540 | D:11     | Killed a hill giant
 13668 | D:11     | Noticed a hill giant
 13719 | D:11     | Killed a hill giant
 13719 | D:11     | Reached skill level 1 in Evocations
 13735 | D:11     | Noticed notsosimplebreeze's ghost (journeyman MiFi)
 13748 | D:11     | Killed notsosimplebreeze's ghost
 14864 | D:12     | Noticed a hill giant
 14865 | D:12     | Killed a hill giant
 14865 | D:12     | Reached XP level 12. HP: 51/51 MP: 29/29
 14895 | D:12     | Killed from afar by a manticore

Skill      XL: |  1  2  3  4  5  6  7  8  9 10 11 |
---------------+----------------------------------+-----
Hexes          | 4 5 6 8 9 11 12 | 12.5
Spellcasting   | 3 4 5 6 7 9 10 12 | 12.5
Short Blades   | 2 3 4 5 6 8 9 10 | 10.5
Stealth        | 5 6 7 9 10 12 | 12.3
Ice Magic      | 1 2 |  2.2
Evocations     | 3 |  3.2
Dodging        | 4 |  4.5

Action                   |  1- 3 |  4- 6 |  7- 9 | 10-12 || total
-------------------------+-------+-------+-------+-------++-------
Melee: Dagger            |   101 |   211 |   484 |   475 ||  1271
       Rapier            |       |       |       |    19 ||    19
 Cast: Ensorcelled Hiber |    18 |    27 |    69 |    63 ||   177
       Confuse           |       |     7 |    27 |    12 ||    46
       Tukima's Dance    |       |     3 |     8 |     2 ||    13
       Dazzling Spray    |       |       |       |    15 ||    15
       Cause Fear        |       |       |       |     1 ||     1
Invok: Potion Petition   |       |       |       |     2 ||     2
  Use: Scroll            |       |    14 |     5 |     4 ||    23
       Potion            |       |     1 |     2 |     1 ||     4
 Stab: Sleeping          |    17 |    13 |    51 |    81 ||   162
       Confused          |       |     4 |     7 |     9 ||    20
       Distracted        |       |       |     2 |     5 ||     7
       Invisible         |       |       |       |     4 ||     4
  Eat: Pizza             |       |     2 |       |     1 ||     3
       Bread ration      |       |       |     1 |     1 ||     2
       Fruit             |       |       |     4 |       ||     4
Armor: Robe              |     5 |    16 |    31 |    51 ||   103
Dodge: Dodged            |    71 |   175 |   241 |   315 ||   802
Block: Other             |       |       |    15 |    36 ||    51
